 Dungeon Crawl Stone Soup version 0.30.0-5-g1a98f26d00 (webtiles) character file.

Game seed: 3617669471517984018

163 SnakkuSnakku7 the Caller (level 5, 0/35 HPs)
             Began as a Vampire Hedge Wizard on May 9, 2023.
             Slain by a black bear (9 damage)
             ... on level 3 of the Dungeon.
             The game lasted 00:04:36 (2171 turns).

SnakkuSnakku7 the Caller (Vampire Hedge Wizard)     Turns: 2171, Time: 00:04:37

Health: 0/35       AC:  7    Str:  9    XL:     5   Next: 20%
Magic:  14/18      EV: 12    Int: 19    God:
Gold:   81         SH:  0    Dex: 13    Spells: 7/10 levels left

rFire   . . .        a - +0 dagger
rCold   . . .        (no shield)
rNeg    . . .        b - +0 robe
rPois   .            c - +0 hat
rElec   .            (no cloak)
rCorr   .            w - +0 pair of gloves
SInv    +            (no boots)
Will    .....        (no amulet)
Stlth   ++           e - ring of magical power
HPRegen 0.45/turn    o - +4 ring of protection
MPRegen 0.16/turn

%: no passive effects
@: healing quickly
A: alive, fangs 3, see invisible, vampiric 2
a: Exsanguinate


You were on level 3 of the Dungeon.
You visited 1 branch of the dungeon, and saw 3 of its levels.

You collected 108 gold pieces.
You spent 27 gold pieces at shops.

Inventory:

Hand Weapons
 a - a +0 dagger (weapon)
Missiles
 j - 3 poisoned darts
 k - a throwing net
Armour
 b - a +0 robe (worn)
 c - a +0 hat (worn)
 w - a +0 pair of gloves (worn)
Jewellery
 e - a ring of magical power (left hand)
 o - a +4 ring of protection (right hand)
 y - a ring of poison resistance
Scrolls
 f - 2 scrolls of fog {unknown}
 h - a scroll of vulnerability {unknown}
 i - a scroll of silence {unknown}
 l - a scroll of noise {unknown}
 q - 3 scrolls of identify {unknown}
 r - 2 scrolls of magic mapping {unknown}
 t - a scroll of acquirement {unknown}
 u - a scroll of blinking {unknown}
 v - a scroll of enchant armour {unknown}
 x - 2 scrolls of teleportation {unknown}
Potions
 d - a potion of magic
 g - 2 potions of attraction {unknown}
 m - 2 potions of curing {unknown}
 n - 2 potions of mutation {unknown}
 p - 2 potions of heal wounds {unknown}
 s - a potion of flight {unknown}


   Skills:
 - Level 2.1 Dodging
 - Level 3.0 Stealth
 - Level 3.0 Spellcasting
 - Level 0.6 Conjurations
 + Level 5.1 Summonings
 - Level 0.7 Translocations


You had 7 spell levels left.
You knew the following spells:

 Your Spells              Type           Power      Damage    Failure   Level
a - Magic Dart            Conj           20%        1d4       12%         1
b - Call Imp              Summ           44%        N/A       2%          2

Your spell library contained the following spells:

 Spells                   Type           Power      Damage    Failure   Level
 Slow                     Hex            8%         N/A       16%         1
 Blink                    Tloc           10%        N/A       17%         2
 Cigotuvi's Dreadful Rot  Necr/Pois/Air  4%         N/A       22%         2
 Mephitic Cloud           Conj/Pois/Air  3%         N/A       38%         3


Dungeon Overview and Level Annotations

Branches:
Dungeon (3/15)

Altars:
Fedhas
Wu Jian

Shops:
D:2 *


Innate Abilities, Weirdness & Mutations

Your natural rate of healing is accelerated.
You have razor-sharp teeth.
You have supernaturally acute eyesight. (SInv)
You are afflicted with vampirism and can become a bat while bloodless.


Message History

Something bites your cerulean imp!
Something closely misses your cerulean imp.
Something barely misses your cerulean imp.
Something bites your cerulean imp!
Your cerulean imp dies!
Your cerulean imp disappears in a puff of smoke!
You hear an angry growl.
The black bear growls angrily.
The black bear rages.
Casting: Call Imp (safe; 2% risk of failure)
Confirm with . or Enter, or press ? or * to list all spells.
A tiny devil pulls itself out of the air.
You hit the black bear but do no damage.
Your bite misses the black bear.
The black bear is almost dead.
The black bear bites you. The black bear closely misses you.
The black bear barely misses you.
Your cerulean imp hits the black bear but does no damage.
Unknown command.
You hit the black bear.
The black bear is almost dead.
The black bear bites you. The black bear claws you.
The black bear claws you but does no damage.
Your cerulean imp hits the black bear with a -2 spear.
The black bear bites your cerulean imp. The black bear claws your cerulean imp!
Your cerulean imp dies!
Your cerulean imp disappears in a puff of smoke!
The black bear growls angrily.
You hit the black bear but do no damage.
The black bear is almost dead.
The black bear bites you.
* * * LOW HITPOINT WARNING * * *
The black bear claws you but does no damage.
The black bear closely misses you.
Unknown command.
Casting: Call Imp (safe; 2% risk of failure)
Confirm with . or Enter, or press ? or * to list all spells.
A tiny devil pulls itself out of the air.
The black bear bites you!
You die...

#############.# ######
#.# .....# #.#
.....########.#
.....##.......##
#######..)....#.
#######.......#.###
##............5...#
#.............##@.#
..............##h.# #
..............#...# .#
.....[........#..##.#.#.
......#.......#....(.$..
......#.......#<###.#.#.
......######..........#
....†........>........##
......######............


You could see a black bear (berserk, ally target) and a friendly cerulean imp
(summoned).

Vanquished Creatures
  An adder (D:3)
  A worm (D:2)
  A dart slug (D:1)
  3 ball pythons (D:1)
  3 bats
  4 endoplasms
  3 giant cockroaches
  4 goblins
  4 hobgoblins
  3 quokkas
  4 kobolds
  4 rats
35 creatures vanquished.

Vanquished Creatures (collateral kills)
  Terence (D:2)
  3 gnolls (D:2)
  5 adders
  A ball python (D:2)
  An endoplasm (D:3)
  A quokka (D:1)
  2 bats (D:2)
  A frilled lizard (D:2)
  A rat (D:2)
16 creatures vanquished.

Grand Total: 51 creatures vanquished

Notes
Turn   | Place    | Note
-------+----------+-------------------------------------------
     0 | D:1      | SnakkuSnakku7 the Vampire Hedge Wizard began the quest for
                  | the Orb.
     0 | D:1      | Reached XP level 1. HP: 13/13 MP: 4/4
   311 | D:1      | Reached skill level 2 in Summonings
   348 | D:1      | Reached XP level 2. HP: 19/19 MP: 6/6
   352 | D:1      | Learned a level 2 spell: Call Imp
   944 | D:2      | Reached skill level 3 in Summonings
   966 | D:2      | Gained mutation: You are afflicted with vampirism and can
                  | become a bat while bloodless. [Vampire growth]
   966 | D:2      | Reached XP level 3. HP: 23/24 MP: 7/7
  1076 | D:2      | Noticed Terence
  1121 | D:2      | Killed Terence
  1193 | D:2      | Identified the +1 whip "Wemazuis" {freeze, rPois Will++
                  | Str+3}
  1256 | D:2      | Reached skill level 4 in Summonings
  1256 | D:2      | Reached XP level 4. HP: 30/30 MP: 8/8
  1280 | D:2      | Found Cock's Assorted Antiques.
  1320 | D:2      | Bought a scroll labelled HOWAWO GALY for 27 gold pieces
  1568 | D:2      | Reached XP level 5. HP: 35/35 MP: 9/9
  1813 | D:3      | Found an ornate altar of the Wu Jian Council.
  1873 | D:3      | Reached skill level 5 in Summonings
  1930 | D:3      | Found a blossoming altar of Fedhas.
  2144 | D:3      | Noticed a black bear
  2171 | D:3      | Slain by a black bear

Illustrated notes

Levels and vault maps discovered:
D:1:      ebering_hopf_link, layout_basic
D:2:      layout_basic, serial_shops, nicolae_square_shop, uniq_terence
D:3:      layout_basic, mainiacjoe_overflow_small_starburst,
          mainiacjoe_overflow_catwalk

Skill      XL: |  1  2  3  4  5 |
---------------+----------------+-----
Summonings     | 2 3 4 5 |  5.1
Dodging        | |  2.1
Stealth        | |  3.0
Spellcasting   | |  3.0
Conjurations   | |  0.6
Translocations | |  0.7

Action                     |  1- 3 |  4- 6 || total
---------------------------+-------+-------++-------
  Melee: Dagger            |   146 |   128 ||   274
         Bite              |    16 |     7 ||    23
         Punch             |     1 |       ||     1
   Cast: Call Imp          |     6 |     7 ||    13
   Stab: Sleeping          |     5 |     3 ||     8
 Armour: Robe              |    38 |    64 ||   102
  Dodge: Dodged            |   100 |    87 ||   187
